 Dungeon Crawl Stone Soup version 0.23.1-37-gaa34b87 (webtiles) character file.

Game seed: 9201606845985762531

178 Kairos the Chopper (level 5, 0/47 HPs)
             Began as a Hill Orc Fighter on Mar 23, 2019.
             Slain by Pikel
             ... wielding a +1 whip of electrocution
              (9 damage)
             ... on level 3 of the Dungeon.
             The game lasted 00:04:25 (2562 turns).

Kairos the Chopper (Hill Orc Fighter)               Turns: 2562, Time: 00:04:25

Health: 0/47       AC:  8    Str: 24    XL:     5   Next: 58%
Magic:  5/5        EV:  8    Int:  8    God:
Gold:   97         SH: 10    Dex: 11    Spells: 4/4 levels left

rFire    . . .     SeeInvis .   a - +0 war axe
rCold    + . .     Gourm    .   c - +0 shield
rNeg     . . .     Faith    .   b - +0 scale mail
rPois    .         Spirit   .   n - +0 helmet
rElec    .         Reflect  .   (no cloak)
rCorr    .         Harm     .   (no gloves)
MR       .....                  (no boots)
Stlth    ..........             m - amulet of magic regeneration
HPRegen  0.15/turn              e - ring of protection from cold
MPRegen  0.34/turn              (no ring)

@: mighty
A: no striking features
a: no special abilities


You were on level 3 of the Dungeon.
You were hungry.

You visited 1 branch of the dungeon, and saw 4 of its levels.

You collected 97 gold pieces.

Inventory:

Hand Weapons
 a - a +0 war axe (weapon)
Armour
 b - a +0 scale mail (worn)
 c - a +0 shield (worn)
 n - a +0 helmet (worn)
Jewellery
 e - a ring of protection from cold (left hand)
 m - an amulet of magic regeneration (around neck)
Scrolls
 g - 3 scrolls of identify
 h - a scroll of remove curse
 q - a scroll of immolation {unknown}
 r - a scroll of teleportation {unknown}
Potions
 d - a potion of might
 i - 4 potions of curing
 j - 2 potions of haste {unknown}
 k - a potion of flight {unknown}
 l - a potion of brilliance {unknown}
 o - 2 potions of heal wounds {unknown}
 s - 2 potions of ambrosia {unknown}
Comestibles
 f - 7 rations


   Skills:
 + Level 4.3 Fighting
 + Level 4.8 Axes
 + Level 4.3 Armour
 + Level 0.4 Dodging
 + Level 0.1 Stealth
 + Level 4.2 Shields


You had 4 spell levels left.
You didn't know any spells.
Your spell library was empty.

Dungeon Overview and Level Annotations

Branches:
Dungeon (4/15)
 Temple: D:4-7

Altars:
The Shining One

Annotations:
D:3 2 transporters, Kairos's ghost, amateur VSAs; Pikel


Message History

Your shield and scale mail prevent you from hitting Pikel.
You block Pikel's attack.
You closely miss Pikel. Pikel hits you but does no damage.
You block Pikel's attack.
You hit Pikel.
Pikel is lightly wounded.
You block Pikel's attack.
You hit Pikel.
Pikel is lightly wounded.
Pikel hits you with a +1 whip of electrocution.
You are electrocuted!
* * * LOW HITPOINT WARNING * * *
Unknown command.
You feel very mighty all of a sudden. You block Pikel's attack.
You slash Pikel!
Pikel is heavily wounded.
Pikel barely misses you. Pikel hits you but does no damage.
You are electrocuted!
You die...

######### #...@K.>###
#.#####†..# ##.#####.#.#
#.....##.#.########
#..##.##..........#
####..##.##..#)#####.#
#............#..####.####
#.##.##.....###.........#
#.##.##.#..##.##..##.##.#


You could see Pikel.

Vanquished Creatures
  A hound (D:2)
  An iguana (D:3)
  An adder (D:2)
  5 worms
  A dart slug (D:1)
  2 leopard geckos
  2 orcs (D:3)
  4 giant cockroaches
  11 hobgoblins
  13 jackals
  3 quokkas
  2 ball pythons
  A ball python skeleton (D:3)
  12 bats
  6 frilled lizards
  9 goblins
  4 kobolds
  9 rats
87 creatures vanquished.

Notes
Turn   | Place    | Note
-------+----------+-------------------------------------------
     0 | D:1      | Kairos the Hill Orc Fighter began the quest for the Orb.
     0 | D:1      | Reached XP level 1. HP: 19/19 MP: 1/1
    79 | D:1      | Reached XP level 2. HP: 25/27 MP: 2/2
   431 | D:1      | Reached XP level 3. HP: 33/33 MP: 3/3
   776 | D:2      | Reached XP level 4. HP: 12/40 MP: 4/4
  1611 | D:3      | Reached XP level 5. HP: 12/47 MP: 5/5
  1959 | D:3      | Found a transporter.
  1981 | D:3      | Found a transporter.
  2021 | D:3      | Noticed Kairos's ghost (amateur VSAs)
  2155 | D:3      | Found a glowing golden altar of the Shining One.
  2538 | D:4      | Noticed Pikel
  2538 | D:4      | Noticed a slave
  2538 | D:4      | Noticed a slave
  2538 | D:4      | Noticed a slave
  2538 | D:4      | Noticed a slave
  2562 | D:3      | Slain by Pikel

Skill      XL: |  1  2  3  4 |
---------------+-------------+-----
Axes           | 3 4 |  4.8
Fighting       | 4 |  4.3
Shields        | 4 |  4.2
Armour         | 4 |  4.3
Dodging        | |  0.4
Stealth        | |  0.1

Action                   |  1- 3 |  4- 6 || total
-------------------------+-------+-------++-------
Melee: War axe           |    85 |   184 ||   269
  Use: Scroll            |     2 |     2 ||     4
       Potion            |       |     1 ||     1
  Eat: Chunk             |       |     5 ||     5
Armor: Scale mail        |    48 |    87 ||   135
Dodge: Dodged            |    35 |    60 ||    95
Block: Shield            |    54 |   113 ||   167
